 Dungeon Crawl Stone Soup version 0.28.0-49-g6dfe1f597d (webtiles) character file.

Game seed: 2910068657391900856

92 bnorton916 the Magician (level 4, -9/24 HPs)
             Began as a Deep Elf Fire Elementalist on May 15, 2022.
             Splashed by a jelly's acid (10 damage)
             ... on level 4 of the Dungeon.
             The game lasted 00:01:58 (1905 turns).

bnorton916 the Magician (DEFE)                      Turns: 1905, Time: 00:02:00

Health: -9/24      AC:  2    Str:  5    XL:     4   Next: 35%
Magic:  5/12       EV: 12    Int: 22    God:
Gold:   64         SH:  0    Dex: 15    Spells: 8/11 levels left

rFire   . . .      SeeInvis .   (no weapon)
rCold   . . .      Faith    .   (no shield)
rNeg    . . .      Spirit   .   a - +0 robe
rPois   .          Reflect  .   (no helmet)
rElec   .          Harm     .   (no cloak)
rCorr   .          Rampage  .   (no gloves)
Will    .....                   (no boots)
Stlth   ++........              (no amulet)
HPRegen 0.08/turn               (no ring)
MPRegen 0.13/turn               (no ring)

@: no status effects
A: no striking features
a: no special abilities


You were on level 4 of the Dungeon.
You visited 1 branch of the dungeon, and saw 3 of its levels.

You collected 64 gold pieces.

Inventory:

Armour
 a - a +0 robe (worn)
Scrolls
 b - a scroll of vulnerability
 c - a scroll of brand weapon
 d - a scroll of blinking
 f - a scroll of torment
Potions
 e - 2 potions of curing {unknown}


   Skills:
 - Level 2.4 Dodging
 - Level 2.4 Stealth
 + Level 4.3 Spellcasting
 + Level 2.7 Conjurations
 + Level 4.2 Fire Magic


You had 8 spell levels left.
You knew the following spells:

 Your Spells              Type           Power      Damage    Failure   Level
a - Foxfire               Conj/Fire      80%        2x1d8     2%          1
b - Scorch                Fire           46%        2d7       2%          2

Your spell library contained the following spells:

 Spells                   Type           Power      Damage    Failure   Level
 Conjure Flame            Conj/Fire      20%        6-21      8%          3
 Inner Flame              Hex/Fire       14%        N/A       14%         3
 Flame Wave               Conj/Fire      20%        2d7       26%         4


Dungeon Overview and Level Annotations

Branches:
Dungeon (2/15)

Altars:
Wu Jian


Message History

Casting: Foxfire (safe; 3% risk of failure)
Confirm with . or Enter, or press ? or * to list all spells.
Flames lash the hound.
The hound is heavily wounded.
The hound's fire resistance burns away.
A kobold comes into view. It is wielding a +0 club.
The hound closely misses you. The hound bites you.
Casting: Scorch (safe; 3% risk of failure)
Confirm with . or Enter, or press ? or * to list all spells.
You conjure some foxfire!
The hound bites you. The hound bites you. x2
* * * LOW HITPOINT WARNING * * *
Unknown command.
Your foxfire dissipates!
The hound is no longer more vulnerable to fire.
The foxfire hits the hound!
The hound is almost dead.
Casting: Foxfire (safe; 3% risk of failure)
Confirm with . or Enter, or press ? or * to list all spells.
You conjure some foxfire!
The hound barely misses you. x2
The foxfire hits the hound.
You kill the hound!
You have reached level 4!
You feel clever.
Casting: Foxfire (safe; 2% risk of failure)
Confirm with . or Enter, or press ? or * to list all spells.
You conjure some foxfire!
The jelly closely misses you.
The foxfire hits the kobold.
The kobold is moderately wounded.
The jelly hits you but does no damage.
Unknown command.
Casting: Foxfire (safe; 2% risk of failure)
Confirm with . or Enter, or press ? or * to list all spells.
Flames lash the jelly.
The jelly is heavily wounded.
The jelly's fire resistance burns away.
The jelly hits you.
* * * LOW HITPOINT WARNING * * *
You are splashed with acid!
You die...

#.. ... #
#.##..##.#
#.#⌠..⌠#.#
#.. (....+
#.. ..!..
#.# ..⌠#
#K##..##.#
#@J......#
##########


You could see a jelly (combustible) and a kobold.

Vanquished Creatures
  A hound (D:4)
  3 adders (D:2)
  3 ball pythons (D:2)
  4 bats
  4 endoplasms
  A giant cockroach (D:1)
  4 goblins
  2 hobgoblins (D:1)
  2 jackals (D:2)
  4 quokkas (D:1)
  2 frilled lizards
  A kobold (D:2)
  2 rats
33 creatures vanquished.

Vanquished Creatures (others)
  104 foxfires
104 creatures vanquished.

Grand Total: 137 creatures vanquished

Notes
Turn   | Place    | Note
-------+----------+-------------------------------------------
     0 | D:1      | bnorton916 the Deep Elf Fire Elementalist began the quest
                  | for the Orb.
     0 | D:1      | Reached XP level 1. HP: 10/10 MP: 6/6
   496 | D:1      | Reached XP level 2. HP: 15/15 MP: 5/8
   581 | D:1      | Found a faded altar of an unknown god.
  1011 | D:2      | Learned a level 2 spell: Scorch
  1035 | D:2      | Reached XP level 3. HP: 11/19 MP: 6/10
  1291 | D:2      | Found an ornate altar of the Wu Jian Council.
  1894 | D:2      | You fall into a shaft and drop 2 floors!
  1903 | D:4      | Reached XP level 4. HP: 3/24 MP: 7/12
  1905 | D:4      | HP: 1/24 [jelly (2)]
  1905 | D:4      | Splashed by a jelly's acid

Illustrated notes

Levels and vault maps discovered:
D:1:      roderic_chinese_lattice_arrival, layout_basic,
          ebering_ecumenical_altar_petrified
D:2:      layout_loops_ring, basic_altar, nicolae_underground_beach
D:4:      layout_rooms, minmay_temple_entry_wispy, kennysheep_generic_room_5

Skill      XL: |  1  2  3 |
---------------+----------+-----
Conjurations   | 2 |  2.7
Spellcasting   | 4 |  4.3
Fire Magic     | 4 |  4.2
Dodging        | |  2.4
Stealth        | |  2.4

Action                   |  1- 3 |  4- 6 || total
-------------------------+-------+-------++-------
Melee: Unarmed           |     1 |       ||     1
 Cast: Foxfire           |    62 |     1 ||    63
       Scorch            |     3 |     1 ||     4
  Use: Scroll            |     4 |       ||     4
Armor: Robe              |     4 |     1 ||     5
Dodge: Dodged            |    24 |     1 ||    25
